 Dungeon Sprint DCSS version 0.30.0-29-ga12c61a403 (webtiles) character file.

Game seed: 560223300887851466

3000000 Revguard the Acrobat (level 18, -173/157 HPs)
             Began as a Djinni Gladiator on June 7, 2023.
             Was a High Priest of Makhleb.
             Annihilated by a destroyer
             ... wielding a +9 heavy great sword
              (249 damage)
             ... in the Dungeon (Sprint VIII: "Arena of Blood").
             The game lasted 00:02:15 (30 turns).

Revguard the Acrobat (Djinni Gladiator)               Turns: 30, Time: 00:02:15

Health: -173/157   AC:  8    Str: 13    XL:     18   Next: 29%
Gold:   0          EV: 26    Int: 17    God:    Makhleb [*****.] SH:  0 Dex: 16

rFire   + + .        k - +∞ Axe of Woe
rCold   x . .        (shield currently unavailable)
rNeg    . . .        b - +0 leather armour
rPois   ∞            c - +0 helmet
rElec   .            (no cloak)
rCorr   .            (no gloves)
SInv    .            (boots unavailable)
Will    +....        (no amulet)
Stlth   +            (no ring)
HPRegen 0.46/turn    (no ring)
MPRegen 0.00/turn

%: no teleportation, infuse magic (-174 HP)
@: flying
A: sickness immunity, fire resistance 2, cold vulnerability 1, float, innate
caster, HP casting, extra vitality 1
a: Renounce Religion, Minor Destruction, Lesser Servant of Makhleb, Major
Destruction, Greater Servant of Makhleb


You were in the Dungeon.
You worshipped Makhleb.
Makhleb was extremely pleased with you.
You visited 1 branch

Inventory:

Hand Weapons
 a - a +0 war axe
 k - the +∞ Axe of Woe (weapon)
   (You found it in the Dungeon)
Missiles
 d - 3 throwing nets (quivered)
 e - a javelin
Armour
 b - a +0 leather armour (worn)
 c - a +0 helmet (worn)
Scrolls
 j - a scroll of blinking
Potions
 f - a potion of curing
 g - a potion of heal wounds
 h - a potion of haste
 i - a potion of berserk rage


   Skills:
 + Level 23.1 Fighting
 + Level 19.8 Axes
 - Level 1.5 Throwing
 + Level 23.1 Armour
 + Level 25.0 Dodging
 + Level 18.3 Spellcasting
 + Level 23.1 Invocations


You knew the following spells:

 Your Spells              Type           Power      Damage    Failure   Level
a - Shock                 Conj/Air       100%       1d9       0%          1
b - Passwall              Tmut/Erth      55%        N/A       0%          2
c - Searing Ray           Conj           100%       2d8       0%          2
d - Vampiric Draining     Necr           67%        2d10      0%          3
e - Summon Lightning Spi  Summ/Air       67%        N/A       1%          4
f - Fireball              Conj/Fire      33%        3d14      1%          5
g - Summon Cactus Giant   Summ           33%        N/A       1%          6
h - Monstrous Menagerie   Summ           33%        N/A       1%          7
Your spell library was empty.

Dungeon Overview and Level Annotations

Branches:
Dungeon (1/1)

Altars:
Makhleb


Innate Abilities, Weirdness & Mutations

You are immune to sickness and miasma.
You are immune to poison.
Your flesh is very heat resistant. (rF++)
You are vulnerable to cold. (rC-)
You float through the air rather than walking.
You learn spells naturally, not from books.
Your magical power is your life essence.
You have superior vitality. (+4 MHP)


Message History

Press < or > to pray at altars.
You are engulfed in blazing flames.
You resist.
You hear a shout!
Your manticore is engulfed in blazing flames.
You hear a shout! x6; You hear two shouts!
You hear a shout!
You are engulfed in blazing flames.
You resist.
You hear a shout!
A destroyer comes into view. It is wielding a +9 heavy great sword.
You hear a shout! x9
Casting: Monstrous Menagerie (dangerous; 1% risk of failure)
Confirm with . or Enter, or press ? or * to list all spells.
Okay, then.
Casting: Monstrous Menagerie (dangerous; 1% risk of failure)
Confirm with . or Enter, or press ? or * to list all spells.
You are engulfed in blazing flames.
You resist.
You hear a shout! x2
Your manticore flicks its tail.
The volley of spikes hits the large bag of meat!
Flame seeps out of the large bag of meat.
The large bag of meat is engulfed in blazing flames.
Flame seeps out of the large bag of meat.
You hear a shout!
A bag of meat comes into view. It is wielding a +9 war axe.
You hear a shout! x3
Casting: Summon Cactus Giant (mildly dangerous; 1% risk of failure)
Confirm with . or Enter, or press ? or * to list all spells.
You summon a manticore!
You are engulfed in blazing flames.
You resist.
You hear a shout! x2
Your manticore bites the large bag of meat!
Flame seeps out of the large bag of meat.
Your manticore claws the large bag of meat.
Flame seeps out of the large bag of meat.
Your manticore claws the large bag of meat.
Flame seeps out of the large bag of meat.
The large bag of meat is engulfed in blazing flames.
Flame seeps out of the large bag of meat.
The destroyer is engulfed in blazing flames.
The destroyer hits you with a +9 heavy great sword!!!!!
Ouch! That really hurt!
You die...

.. .. .. .o #.
.# #.. ..#
.###.. ..###.
..○○Oo###C.....
....H.V@§......
....#.§)§.#....
. #H§<._# .
#.....#
....._.....
......###......
.###.. ..###.
#.. ..# #.. ..#


You could see a destroyer (ally target), a large bag of meat (inner flame,
skewered, ally target), a bag of meat, 2 friendly manticores and a friendly
cactus giant (summoned).

Vanquished Creatures
  4 ogres (D)
  A two-headed ogre (D)
  13 orcs (D)
18 creatures vanquished.

Notes
Turn   | Place    | Note
-------+----------+-------------------------------------------
     0 | D        | Found the +∞ Axe of Woe
     0 | D        | Revguard the Djinni Gladiator began the quest for the Orb.
     0 | D        | Reached XP level 1. HP: 18/18 MP: 0/0
     1 | D        | Noticed a bag of meat
     3 | D        | Became a worshipper of Makhleb the Destroyer
     3 | D        | Noticed a bag of meat
     9 | D        | Noticed a meat berserker
     9 | D        | Noticed a bag of meat
    10 | D        | Killed a bag of meat
    10 | D        | Noticed a bag of meat
    11 | D        | Reached skill level 12 in Dodging
    11 | D        | Reached skill level 10 in Invocations
    11 | D        | Reached XP level 2. HP: 37/37 MP: 0/0
    11 | D        | Reached XP level 3. HP: 42/42 MP: 0/0
    11 | D        | Learned a level 1 spell: Shock
    11 | D        | Reached XP level 4. HP: 49/49 MP: 0/0
    11 | D        | Reached XP level 5. HP: 53/53 MP: 0/0
    11 | D        | Learned a level 2 spell: Passwall
    11 | D        | Reached XP level 6. HP: 59/59 MP: 0/0
    11 | D        | Reached XP level 7. HP: 65/65 MP: 0/0
    11 | D        | Learned a level 2 spell: Searing Ray
    11 | D        | Reached XP level 8. HP: 71/71 MP: 0/0
    11 | D        | Reached XP level 9. HP: 76/76 MP: 0/0
    11 | D        | Learned a level 3 spell: Vampiric Draining
    11 | D        | Reached XP level 10. HP: 82/82 MP: 0/0
    11 | D        | Reached XP level 11. HP: 87/87 MP: 0/0
    11 | D        | Learned a level 4 spell: Summon Lightning Spire
    12 | D        | Killed a meat berserker
    12 | D        | Reached * piety under Makhleb
    12 | D        | Noticed a bag of meat
    13 | D        | Reached skill level 15 in Dodging
    13 | D        | Reached skill level 10 in Spellcasting
    13 | D        | Reached XP level 12. HP: 78/99 MP: 0/0
    13 | D        | Reached XP level 13. HP: 82/104 MP: 0/0
    13 | D        | Learned a level 5 spell: Fireball
    13 | D        | Killed a bag of meat
    13 | D        | Noticed a bag of meat
    14 | D        | Reached skill level 16 in Dodging
    14 | D        | Noticed a bag of meat
    15 | D        | Noticed a bag of meat
    16 | D        | Killed a bag of meat
    16 | D        | Noticed a meat berserker
    17 | D        | Reached skill level 15 in Fighting
    17 | D        | Reached skill level 15 in Armour
    17 | D        | Reached skill level 15 in Invocations
    17 | D        | Reached XP level 14. HP: 114/114 MP: 0/0
    17 | D        | Killed a bag of meat
    17 | D        | Reached ** piety under Makhleb
    17 | D        | Noticed a meat berserker
    18 | D        | Reached skill level 17 in Dodging
    18 | D        | Killed a meat berserker
    18 | D        | Noticed a meat berserker
    18 | D        | Noticed a bag of meat
    18 | D        | Noticed a bag of meat
    19 | D        | Reached skill level 18 in Dodging
    19 | D        | Reached XP level 15. HP: 124/124 MP: 0/0
    19 | D        | Learned a level 6 spell: Summon Cactus Giant
    20 | D        | Reached skill level 15 in Axes
    20 | D        | Reached skill level 19 in Dodging
    20 | D        | Reached *** piety under Makhleb
    20 | D        | Noticed a large bag of meat
    21 | D        | Reached skill level 20 in Dodging
    21 | D        | Reached **** piety under Makhleb
    22 | D        | Reached skill level 21 in Dodging
    22 | D        | Reached skill level 15 in Spellcasting
    22 | D        | Reached XP level 16. HP: 137/137 MP: 0/0
    22 | D        | Killed a meat berserker
    23 | D        | Reached skill level 22 in Dodging
    23 | D        | Reached XP level 17. HP: 146/146 MP: 0/0
    23 | D        | Learned a level 7 spell: Monstrous Menagerie
    23 | D        | Killed a meat berserker
    23 | D        | Reached ***** piety under Makhleb
    24 | D        | Reached skill level 24 in Dodging
    24 | D        | Killed a large bag of meat
    25 | D        | Reached XP level 18. HP: 142/157 MP: 0/0
    26 | D        | Noticed a large bag of meat
    27 | D        | Reached skill level 25 in Dodging
    28 | D        | Noticed a destroyer
    30 | D        | Annihilated by a destroyer

Illustrated notes

Levels and vault maps discovered:
D:        meatsprint

Skill      XL: |  1  2  3  4  5  6  7  8  9 10 11 12 13 14 15 16 17 18 |
---------------+-------------------------------------------------------+-----
Fighting       | 11 13 15 17 19 21 22 23 | 23.1
Axes           | 9 11 13 14 17 18 19 | 19.8
Armour         | 11 13 15 17 19 21 22 23 | 23.1
Dodging        | 12 15 16 18 21 22 24 25 | 25.0
Spellcasting   | 8 10 11 13 15 16 18 | 18.3
Invocations    | 10 13 15 17 19 21 22 23 | 23.1
Throwing       | |  1.5

Action                     |  1- 3 |  4- 6 |  7- 9 | 10-12 | 13-15 | 16-18 || total
---------------------------+-------+-------+-------+-------+-------+-------++-------
  Melee: Executioner's axe |     1 |       |       |     1 |     7 |     4 ||    13
   Cast: Summon Lightning  |       |       |       |     1 |     1 |       ||     2
         Monstrous Menager |       |       |       |       |       |     2 ||     2
         Summon Cactus Gia |       |       |       |       |       |     1 ||     1
